 Dungeon Crawl Stone Soup version 0.31-a0-986-g5e6e4ef867 (webtiles) character file.

Game seed: 14756533631306036613

48909 Persephone the Bludgeoner (level 14, -2/94 HPs)
             Began as a Gargoyle Fighter on Nov 7, 2023.
             Was an Initiate of Gozag.
             Killed from afar by a lindwurm (47 damage)
             ... with a blast of flame
             ... on level 5 of the Lair of Beasts.
             The game lasted 00:25:51 (16885 turns).

Persephone the Bludgeoner (Gargoyle Fighter)       Turns: 16885, Time: 00:25:52

Health: -2/94      AC: 27    Str: 24    XL:     14   Next: 48%
Magic:  14/14      EV: 10    Int:  6    God:    Gozag
Gold:   1555       SH: 15    Dex: 15    Spells: 13/13 levels left

rFire   . . .        c - +1 morningstar (elec)
rCold   + . .        a - +2 kite shield {reflect}
rNeg    + + .        G - +0 ring mail of the Zebrataur {Fly rC+ Will+ Int-4}
rPois   ∞            n - +0 helmet {SInv}
rElec   +            L - scarf {shadows}
rCorr   .            t - +2 pair of gloves
SInv    +            (no boots)
Will    ++...        h - amulet "Geod" {rN+ Regen+}
Stlth   +            b - +4 ring of protection
HPRegen 1.15/turn    H - +6 ring of dexterity
MPRegen 0.14/turn

%: reflection
@: flying, studying Maces & Flails
A: sickness immunity, AC +10, big wings, negative energy resistance 1,
electricity resistance, torment resistance 1, petrification resistance
a: Renounce Religion, Potion Petition, Call Merchant, Bribe Branch


You were on level 5 of the Lair of Beasts.
You worshipped Gozag.
Gozag was most pleased with you.
You visited 2 branches of the dungeon, and saw 16 of its levels.

You collected 4631 gold pieces.
You spent 1128 gold pieces at shops.
You paid 1948 gold pieces to Gozag.

Inventory:

Hand Weapons
 c - a +1 morningstar of electrocution (weapon)
Missiles
 j - 2 throwing nets
Armour
 a - a +2 kite shield of reflection (worn)
 n - a +0 helmet of see invisible (worn)
 q - a +3 tower shield of protection
 t - a +2 pair of gloves (worn)
 G - the +0 ring mail of the Zebrataur (worn) {Fly rC+ Will+ Int-4}
   (You bought it in a shop on level 11 of the Dungeon)

   Int-4:     It affects your intelligence (-4).
   rC+:       It protects you from cold.
   Will+:     It increases your willpower.
   Fly:       It grants you flight.
 L - a scarf of shadows (worn)
Jewellery
 b - a +4 ring of protection (left hand)
 g - a ring of flight
 h - the amulet "Geod" (around neck) {rN+ Regen+}
   (You acquired it on level 1 of the Lair of Beasts)

   [amulet of regeneration]

   rN+:       It protects you from negative energy.
   Regen+:    It increases your rate of health regeneration.
 u - a +6 ring of strength
 H - a +6 ring of dexterity (right hand)
Wands
 f - a wand of iceblast (34)
 l - a wand of polymorph (23)
 m - a wand of flame (49)
 z - a wand of mindburst (7)
 D - a wand of digging (8)
 J - a wand of paralysis (8)
Scrolls
 d - 5 scrolls of revelation
 i - 2 scrolls of fog
 k - 4 scrolls of amnesia
 s - a scroll of blinking
 x - a scroll of brand weapon
 y - 3 scrolls of immolation
 B - 3 scrolls of teleportation
 C - 4 scrolls of identify
 F - a scroll of enchant weapon
 M - a scroll of silence
Potions
 e - 6 potions of curing
 o - 2 potions of cancellation
 p - a potion of magic
 r - a potion of brilliance {unknown}
 v - a potion of enlightenment
 w - 3 potions of attraction
 E - 2 potions of lignification
 I - a potion of haste
 K - 4 potions of heal wounds


   Skills:
 + Level 13.0 Fighting
 - Level 16.0 Maces & Flails
 + Level 12.9 Armour
 + Level 12.8 Shields


You had 13 spell levels left.
You didn't know any spells.
Your spell library contained the following spells:

 Spells                   Type           Power      Damage    Failure   Level
 Wereblood                Tmut           0%         N/A       86%         2
 Animate Armour           Summ/Erth      0%         N/A       100%        4
 Summon Lightning Spire   Summ/Air       0%         N/A       100%        4
 Irradiate                Conj/Tmut      0%         3d11      100%        5
 Lee's Rapid Deconstruct  Erth           0%         3d4*      100%        5
 Monstrous Menagerie      Summ           0%         N/A       100%        7
 Summon Hydra             Summ           0%         N/A       100%        7
 Summon Horrible Things   Summ           0%         N/A       100%        8
 Sublimation of Blood     Necr           Unusable   N/A       N/A         2

Dungeon Overview and Level Annotations

Branches:
Dungeon (11/15)            Temple (0/1) D:6            Lair (5/5) D:9
 Shoals (0/4) Lair:2        Snake (0/4) Lair:3
  Slime: Lair:4-5       Orc: D:9-12

Altars:
Gozag
Kikubaaqudgha
Qazlal
Ru
Sif Muna
Uskayaw
Vehumet

Shops:
D:4 *   D:8 (   D:11 [

Annotations:
D:3 2 transporters, lunkers's ghost, amateur MeSh


Innate Abilities, Weirdness & Mutations

You are immune to sickness and miasma.
Your stone body is resilient. (AC +10)
You are immune to poison.
Your large and strong wings let you fly.
You resist negative energy. (rN+)
You are resistant to electric shocks. (rElec)
You are resistant to unholy torment.
You are immune to petrification.


Message History

Lightning courses through the five-headed hydra!
The five-headed hydra is almost dead.
You block the water moccasin's attack. The five-headed hydra bites you!
You block the five-headed hydra's attack.
The five-headed hydra bites you!
The five-headed hydra completely misses you.
The five-headed hydra bites you!
You puncture the five-headed hydra!
You kill the five-headed hydra!
You block the water moccasin's attack.
You barely miss the water moccasin.
The water moccasin bites you but does no damage.
You puncture the water moccasin!
The water moccasin is severely wounded.
You block the water moccasin's attack.
The water moccasin is distracted by your dazzling golden aura.
You catch the helpless water moccasin completely off-guard!
You puncture the water moccasin!
You kill the water moccasin!
You now have 1555 gold pieces (gained 6).
Starting script; Monster found x3; Killing and exploring No nearby monsters, exploring now Monster found x4; Killing and exploring; Evalutating dangerous sitituation Getting closest target; Target found Lua - initiating combat actions on lindwurm || reach is 1 Lua - Auto Kill stopped.
Not in fighting shape.
Lua - done fight_enemy() Monster found x4; Killing and exploring; Evalutating dangerous sitituation Getting closest target; Target found Lua - initiating combat actions on lindwurm || reach is 1 Lua - Auto Kill stopped.
Not in fighting shape.
Lua - done fight_enemy()
A lindwurm is nearby!
The lindwurm roars!
There is a stone staircase leading up here.
The lindwurm breathes flames at you. The blast of flame hits you!!!
Ouch! That really hurt!
You die...
Your body crumbles into a pile of gold.

####.## #####.###.######..#..#
###.....####.##.###.##..#..##....
.................................
.................................
...P..#..........................
.................................
...........................P...P$
...............$.................
................@....k........lk.
.................$.!... ........
...........P..#....#... P...P...
....................... ........
PP......#P............. .......P
..........P............ ........
.....P....#P.....#..... .......
............... ####..


You could see a lindwurm (catching breath).

Vanquished Creatures
  Gastronok (Lair:3)
  The ghost of wireframewife the Marksant, a journeyman FoHu of Makhleb (Lair:4)
  A rakshasa (D:11)
  4 hydras
  Fannar (Lair:1)
  Erica (D:8)
  A catoblepas (Lair:5)
  4 two-headed ogres
  An occultist (D:10)
  Nergalle (Lair:2)
  A skyshark (Lair:5)
  A deep troll (D:10)
  Pikel (D:8)
  A deep elf pyromancer (D:10)
  2 ugly things
  10 elephants
  3 manticores
  A torpor snail (Lair:3)
  4 black mambas
  Joseph (D:8)
  12 cane toads
  An unseen horror (D:10)
  3 rime drakes
  12 komodo dragons
  A polar bear (Lair:3)
  A tengu conjurer (D:11)
  2 trolls
  15 blink frogs
  3 hornets
  A snapping turtle (Lair:2)
  6 wyverns
  50 yaks
  Grum (Lair:1)
  3 wraiths (D:10)
  4 basilisks
  A water elemental (Lair:2)
  3 vampire mosquitoes (D:11)
  3 wargs (D:9)
  3 acid dragons
  3 nagas (Lair:3)
  Duvessa (D:7)
  15 water moccasins
  3 orc warriors
  3 black bears
  3 ice beasts
  4 ogres
  3 wolves (Lair:1)
  10 centaurs
  2 phantoms
  13 bullfrogs
  4 scorpions
  A gnoll sergeant (D:10)
  3 wights (D:7)
  Dowan (D:7)
  6 killer bees
  An electric eel (Lair:2)
  A howler monkey (D:5)
  A jelly (D:4)
  10 orc priests
  9 hounds
  2 sleepcaps (D:5)
  2 gnoll boudas
  6 iguanas
  14 orc wizards
  6 hell rats (Lair:4)
  6 adders
  8 gnolls
  2 white imps (D:5)
  6 ufetubi
  A worm (D:5)
  A dart slug (D:4)
  43 orcs
  6 endoplasms
  9 hobgoblins
  7 jackals
  6 kobolds
  4 quokkas
  5 ball pythons
  10 bats
  4 frilled lizards
  13 goblins
  7 rats
431 creatures vanquished.

Notes
Turn   | Place    | Note
-------+----------+-------------------------------------------
     0 | D:1      | Persephone the Gargoyle Fighter began the quest for the
                  | Orb.
     0 | D:1      | Reached XP level 1. HP: 14/14 MP: 1/1
   138 | D:1      | Reached XP level 2. HP: 19/19 MP: 2/2
   259 | D:1      | Reached skill level 3 in Maces & Flails
   482 | D:1      | Found a faded altar of an unknown god.
   720 | D:1      | Reached XP level 3. HP: 19/23 MP: 3/3
  1360 | D:2      | Reached skill level 4 in Maces & Flails
  1549 | D:2      | Reached XP level 4. HP: 27/28 MP: 4/4
  1616 | D:2      | Found a sacrificial altar of Ru.
  1947 | D:3      | Found an ancient bone altar of Kikubaaqudgha.
  1953 | D:3      | Found a transporter.
  1957 | D:3      | Noticed lunkers's ghost (amateur MeSh)
  1964 | D:3      | Noticed a phantom
  1974 | D:3      | Killed a phantom
  1975 | D:3      | Reached skill level 5 in Maces & Flails
  1975 | D:3      | Reached XP level 5. HP: 29/32 MP: 5/5
  2134 | D:3      | Found a transporter.
  2271 | D:4      | Found Ea-nāṣir's Fine Metal Goods.
  2342 | D:4      | Reached skill level 6 in Maces & Flails
  2342 | D:4      | Reached XP level 6. HP: 31/37 MP: 4/6
  2823 | D:4      | Reached skill level 7 in Maces & Flails
  3162 | D:5      | Entered Level 5 of the Dungeon
  3168 | D:5      | Reached XP level 7. HP: 25/41 MP: 4/7
  3319 | D:5      | Reached skill level 8 in Maces & Flails
  3712 | D:5      | Found an opulent altar of Gozag.
  3712 | D:5      | Found a hide-covered altar of Uskayaw.
  3874 | D:5      | Became a worshipper of Gozag Ym Sagoz the Greedy
  3997 | D:5      | Reached skill level 9 in Maces & Flails
  3997 | D:5      | Reached XP level 8. HP: 29/46 MP: 4/8
  4083 | D:5      | Reached skill level 10 in Maces & Flails
  4585 | D:5      | Found a radiant altar of Vehumet.
  4773 | D:6      | Reached skill level 11 in Maces & Flails
  4781 | D:6      | Found a staircase to the Ecumenical Temple.
  4824 | D:6      | Reached XP level 9. HP: 51/51 MP: 9/9
  5260 | D:6      | Reached skill level 12 in Maces & Flails
  5744 | D:4      | Bought a glowing ring mail for 203 gold pieces
  5744 | D:4      | Bought a runed tower shield for 217 gold pieces
  6283 | D:7      | Noticed Duvessa
  6283 | D:7      | Noticed Dowan
  6297 | D:7      | Killed Duvessa
  6298 | D:7      | Reached skill level 13 in Maces & Flails
  6303 | D:7      | Killed Dowan
  6644 | D:7      | Found a stormy altar of Qazlal.
  7097 | D:8      | Noticed Pikel
  7118 | D:8      | Killed Pikel
  7119 | D:8      | Reached skill level 14 in Maces & Flails
  7119 | D:8      | Reached XP level 10. HP: 21/56 MP: 3/10
  7335 | D:8      | Noticed Erica
  7382 | D:8      | Killed Erica
  7789 | D:8      | Found Mom Ceg's Weapon Emporium.
  7822 | D:8      | Noticed Joseph
  7833 | D:8      | Killed Joseph
  7834 | D:8      | Reached skill level 15 in Maces & Flails
  8200 | D:8      | Identified a scroll of acquirement
  8200 | D:8      | Acquired a manual of Maces & Flails
  8483 | D:9      | Found a staircase to the Lair.
  8527 | D:9      | Found a shimmering blue altar of Sif Muna.
  8729 | D:9      | Noticed a two-headed ogre
  8737 | D:9      | Killed a two-headed ogre
  8818 | D:10     | Entered Level 10 of the Dungeon
  8989 | D:9      | Reached XP level 11. HP: 62/62 MP: 11/11
  8998 | D:9      | Reached skill level 16 in Maces & Flails
  9124 | D:9      | Reached skill level 5 in Fighting
  9124 | D:9      | Reached skill level 5 in Armour
  9152 | D:9      | Reached skill level 5 in Shields
  9767 | D:10     | Noticed a two-headed ogre
  9778 | D:10     | Killed a two-headed ogre
  9798 | D:10     | Noticed a two-headed ogre
  9804 | D:10     | Killed a two-headed ogre
  9964 | D:10     | Noticed an occultist
  9985 | D:10     | Killed an occultist
 10237 | D:10     | Noticed a white ugly thing
 10255 | D:10     | Killed a white ugly thing
 10595 | D:10     | Noticed a six-headed hydra
 10598 | D:10     | Noticed a deep elf pyromancer
 10607 | D:10     | Killed a six-headed hydra
 10617 | D:10     | Killed a deep elf pyromancer
 10620 | D:10     | Reached XP level 12. HP: 38/72 MP: 6/12
 11278 | D:11     | Noticed a rakshasa
 11295 | D:11     | Killed a rakshasa
 11406 | D:11     | Noticed a two-headed ogre
 11424 | D:11     | Killed a two-headed ogre
 12007 | D:11     | Bought a +2 kite shield of reflection for 277 gold pieces
 12007 | D:11     | Bought a +0 helmet of see invisible for 172 gold pieces
 12007 | D:11     | Bought the +0 ring mail of the Zebrataur {Fly rC+ Will+
                  | Int-4} for 259 gold pieces
 12145 | Gauntlet | Identified the "Jeank"
 12145 | Lair:1   | Entered Level 1 of the Lair of Beasts
 12342 | Lair:1   | Noticed Grum
 12352 | Lair:1   | Killed Grum
 12465 | Lair:1   | Noticed Fannar
 12485 | Lair:1   | Killed Fannar
 12693 | Lair:1   | Acquired the amulet "Geod" {rN+ Regen+}
 12832 | Lair:1   | Reached skill level 10 in Fighting
 13000 | Lair:1   | Reached skill level 10 in Armour
 13000 | Lair:1   | Reached XP level 13. HP: 72/82 MP: 13/13
 13026 | Lair:1   | Reached skill level 10 in Shields
 13668 | Lair:2   | Noticed Nergalle
 13691 | Lair:2   | Killed Nergalle
 13863 | Lair:2   | Found a staircase to the Shoals.
 14446 | Lair:3   | Found a staircase to the Snake Pit.
 14785 | Lair:3   | Noticed Gastronok
 14803 | Lair:3   | Killed Gastronok
 15310 | Lair:4   | Identified the of Urowenago
 15606 | Lair:4   | Noticed wireframewife's ghost (journeyman FoHu)
 15618 | Lair:4   | Found a runed translucent gate.
 15618 | Lair:4   | Found a runed translucent gate.
 15778 | Lair:4   | Found a runed translucent gate.
 15798 | Lair:4   | Gained mutation: Your large and strong wings let you fly.
                  | [Gargoyle growth]
 15798 | Lair:4   | Reached XP level 14. HP: 92/92 MP: 14/14
 16324 | Lair:5   | Entered Level 5 of the Lair of Beasts
 16459 | Lair:4   | Killed wireframewife's ghost
 16885 | Lair:5   | Killed from afar by a lindwurm

Illustrated notes

Levels and vault maps discovered:
D:1:      dpeg_arrival_water_temple_mockup, layout_loops_corners,
          dreamdust_ecumenical_altar_grove
D:2:      layout_loops_corners, basic_altar
D:3:      layout_rooms, old_standard_altar, gammafunk_ghost_arena
D:4:      nicolae_cairo_tiling_very_big, layout_gridville,
          nicolae_ea-nasir_strikes_again
D:5:      minmay_polygon_palace, layout_basic, jmf_multi_god_temple,
          marbit_many_paths, dk_noncrumbling_4
D:6:      layout_loops_cross, minmay_temple_entry_statues,
          corexii_leaking_fountain
D:7:      layout_layer_cave, mainiacjoe_overflow_small_starburst, minivault_19,
          serial_bayou_pond_e, uniq_duvessa
D:8:      layout_loops_ring, serial_shops, nicolae_shop_pleasant_corner_grove,
          serial_bayou_pond_d, grunt_ogre_cave, uniq_joseph, uniq_erica,
          uniq_pikel
D:9:      layout_long_grid, lemuel_doored_altar, erik_lair_orcish_takeover
D:10:     wad_statue_garden, layout_irregular_city, lightli_fourway_metalbox
D:11:     layout_cave_pools, portal_ice_cave_rime, minivault_23
Lair:1:   layout_chaotic_city, serial_bayou_shore_a, uniq_fannar, uniq_grum
Lair:2:   layout_gridlike, minmay_shoals_entry_hut, uniq_nergalle
Lair:3:   layout_roguey, nicolae_snake_entry_squirm, uniq_gastronok
Lair:4:   layout_cellular_growth, gammafunk_ghost_split
Lair:5:   hangedman_lair_in_review, layout_long_grid, slime_entry_1,
          disabler_island, uniq_snorg

Skill      XL: |  1  2  3  4  5  6  7  8  9 10 11 12 13 14 |
---------------+-------------------------------------------+-----
Maces & Flails | 3 4 5 6 7 9 11 14 15 16 | 16.0
Fighting       | 4 7 10 12 13 | 13.0
Armour         | 4 7 10 12 | 12.9
Shields        | 4 7 9 11 12 | 12.8

Action                     |  1- 3 |  4- 6 |  7- 9 | 10-12 | 13-15 || total
---------------------------+-------+-------+-------+-------+-------++-------
  Melee: Flail             |   126 |   131 |   314 |       |       ||   571
         Morningstar       |       |       |    91 |   608 |   655 ||  1354
  Throw: Boomerang         |    35 |    51 |    49 |    98 |       ||   233
 Invoke: Potion Petition   |       |       |       |     1 |     1 ||     2
         Call Merchant     |       |       |       |     1 |       ||     1
    Use: Potion            |       |     1 |       |     8 |     1 ||    10
         Scroll            |       |       |    14 |    10 |     3 ||    27
   Stab: Distracted        |       |       |     3 |     3 |     4 ||    10
         Petrified         |       |       |       |       |     1 ||     1
 Armour: Scale mail        |    92 |    81 |   220 |       |       ||   393
         Plate armour      |       |       |    55 |    26 |       ||    81
         Ring mail         |       |       |       |   558 |   414 ||   972
  Dodge: Dodged            |    63 |    62 |   140 |   176 |   173 ||   614
  Block: Buckler           |    27 |    27 |    47 |       |       ||   101
         Tower shield      |       |       |    63 |   459 |       ||   522
         Kite shield       |       |       |       |    89 |   426 ||   515
         Reflection        |       |       |       |       |     1 ||     1

Table legend: (Time is in decaauts)
 A = Elapsed time spent in this place.
 B = Non-inter-level travel time spent in this place.
 C = Inter-level travel time spent in this place.
 D = Time resting spent in this place.
 E = Time spent auto-exploring this place.
 F = Levels seen in this place.
 G = Mean time per level.
                   A        B        C        D        E       F      G
               +--------+--------+--------+--------+--------+-----+--------+
         Total |  16831 |  15861 |    970 |      0 |  12325 |  16 | 1051.9 |
       Dungeon |  12255 |  11555 |    700 |      0 |   9066 |  11 | 1114.1 |
          Lair |   4576 |   4306 |    270 |      0 |   3259 |   5 |  915.2 |
               +--------+--------+--------+--------+--------+-----+--------+

Top non-repeatable levels by time:
    D:10: 1870 daAuts
     D:5: 1576 daAuts
     D:8: 1463 daAuts
  Lair:4: 1187 daAuts
  Lair:1: 1166 daAuts
  Lair:3: 1109 daAuts
     D:7: 1069 daAuts
     D:4: 1048 daAuts
     D:1: 1036 daAuts
     D:9: 1025 daAuts
     D:6: 979 daAuts
    D:11: 895 daAuts
     D:2: 889 daAuts
  Lair:2: 799 daAuts
     D:3: 401 daAuts
